 Dungeon Crawl Stone Soup version 0.25-a0-492-g44cc58d (webtiles) character file.

Game seed: 3019721817654884273, levelgen mode: deterministic

37 drc500free the Grave Robber (level 3, 0/19 HPs)
             Began as a Vampire Necromancer on Feb 12, 2020.
             Was an Initiate of Okawaru.
             Slain by a giant cockroach (2 damage)
             ... on level 2 of the Dungeon.
             The game lasted 00:06:19 (524 turns).

drc500free the Grave Robber (Vampire Necromancer)    Turns: 524, Time: 00:06:20

Health: 0/19       AC:  2    Str:  8    XL:     3   Next: 21%
Magic:  1/6        EV: 13    Int: 17    God:    Okawaru [......]
Gold:   64         SH:  0    Dex: 14    Spells: 4/6 levels left

rFire    . . .     SeeInvis +   d - +0 short sword
rCold    + + .     Gourm    .   (no shield)
rNeg     + + +     Faith    .   a - +0 robe
rPois    ∞         Spirit   .   (no helmet)
rElec    .         Reflect  .   (no cloak)
rCorr    .         Harm     .   (no gloves)
MR       .....                  (no boots)
Stlth    ++++......             (no amulet)
HPRegen  0.00/turn              (no ring)
MPRegen  0.10/turn              (no ring)

@: bloodless, hasted and slowed
A: no food, fangs 3, see invisible, unbreathing
a: Bat Form, Revivify, Renounce Religion


You were on level 2 of the Dungeon.
You worshipped Okawaru.
Okawaru was noncommittal.
You were bloodless.

You visited 1 branch of the dungeon, and saw 2 of its levels.

You collected 64 gold pieces.

Inventory:

Hand Weapons
 d - a +0 short sword (weapon)
 h - a +0 hand axe
Armour
 a - a +0 robe (worn)
 c - a +0 ring mail
Scrolls
 b - a scroll of identify {unknown}
Potions
 f - a potion of brilliance {unknown}
Comestibles
 g - 2 rations


   Skills:
 + Level 0.1 Fighting
 + Level 2.5 Dodging
 + Level 3.2 Stealth
 + Level 1.0 Unarmed Combat
 + Level 2.0 Spellcasting
 + Level 5.1 Necromancy


You had 4 spell levels left.
You knew the following spells:

 Your Spells              Type           Power        Failure   Level  Hunger
a - Pain                  Necr           ###.         2%          1    N/A
b - Animate Skeleton      Necr           N/A          2%          1    N/A

Your spell library contained the following spells:

 Spells                   Type           Power        Failure   Level  Hunger
 Vampiric Draining        Necr           ###.......   7%          3    N/A
 Animate Dead             Necr           N/A          22%         4    N/A
 Agony                    Necr           ###.....     54%         5    N/A

Dungeon Overview and Level Annotations

Branches:
Dungeon (2/15)

Altars:
Okawaru

Annotations:
D:2 Jessica


Innate Abilities, Weirdness & Mutations

You do not eat.
You do not regenerate when monsters are visible.
You are frail without blood (-20% HP).
You can heal yourself when you bite living creatures.
You are immune to poison.
You have razor-sharp teeth.
You have supernaturally acute eyesight. (SInv)
You can survive without breathing.


Message History

Jessica shouts, "You're disturbing me!
I'll have to kill you!" Jessica gestures at you while chanting.
You feel yourself slow down. Jessica hits you with a +0 dagger.
Jessica hits you with a +0 dagger.
* * * LOW HITPOINT WARNING * * *
The giant cockroach closely misses you. Jessica hits you with a +0 dagger.
* * * LOW HITPOINT WARNING * * *
Found 16 gold pieces.
You see here a ration.
Unknown command.
g - 2 rations (gained 1)
The giant cockroach bites you.
* * * LOW HITPOINT WARNING * * *
Jessica hits you but does no damage. The giant cockroach barely misses you.
Jessica gestures wildly while chanting.
Jessica blinks!
It was a potion of haste.
You feel yourself speed up. The giant cockroach bites you.
You die...

#..<...... $.....
..##...... .......
.......... .......
#...... ...#...
#########...†..
.......###...≈)≈.....###
.........#.8.≈≈≈........
.........#8_8...........
.......@.#.8.≈≈≈...[....
....%..§s#...≈)≈........
.......@.#######........
....###..........#......
... ##..........#......
....##(..........#......
. ...............##.#...
..........#.....##.##.#
..........##..####.# ..


You could see Jessica and a giant cockroach.

Vanquished Creatures
  An adder (D:2)
  A dart slug (D:1)
  A leopard gecko (D:2)
  A ball python (D:1)
  A giant cockroach (D:2)
  7 goblins
  3 hobgoblins (D:1)
  A kobold (D:1)
  A bat (D:1)
  A frilled lizard (D:2)
  6 rats (D:1)
24 creatures vanquished.

Notes
Turn   | Place    | Note
-------+----------+-------------------------------------------
     0 | D:1      | drc500free the Vampire Necromancer began the quest for the
                  | Orb.
     0 | D:1      | Reached XP level 1. HP: 13/13 MP: 3/3
   119 | D:1      | Learned a level 1 spell: Animate Skeleton
   214 | D:1      | Reached XP level 2. HP: 19/19 MP: 5/5
   474 | D:2      | Reached skill level 1 in Unarmed Combat
   474 | D:2      | Reached skill level 5 in Necromancy
   474 | D:2      | Reached XP level 3. HP: 12/19 MP: 3/6
   485 | D:2      | Found an iron altar of Okawaru.
   495 | D:2      | Became a worshipper of Warmaster Okawaru
   511 | D:2      | Noticed Jessica
   524 | D:2      | Slain by a giant cockroach

Levels and vault maps discovered:
D:1:      minmay_arrival_nine_rooms, layout_loops_cross, chequers_mini_garden,
          minmay_rat_gold_closets
D:2:      layout_basic, first_ration, kennysheep_okawaru_gauntlet, uniq_jessica

Skill      XL: |  1  2 |
---------------+-------+-----
Unarmed Combat | 1 |  1.0
Necromancy     | 5 |  5.1
Fighting       | |  0.1
Dodging        | |  2.5
Stealth        | |  3.2
Spellcasting   | |  2.0

Action                   || total
-------------------------++-------
Melee: Unarmed           ||    26
       Bite              ||     1
       Short sword       ||     9
 Cast: Pain              ||    32
 Abil: Exsanguinate      ||     2
  Use: Potion            ||     1
Armor: Robe              ||     8
Dodge: Dodged            ||    24

Table legend:
 A = Non-vault XP
 B = Vault XP
 C = Vault XP percentage of total XP
 D = Non-vault monster count
 E = Vault monster count
 F = Vault count percentage of total count
                 A         B        C        D         E       F
            +---------+---------+-------+---------+---------+-------
      Total |      44 |       9 |  17.0 |      16 |       8 |  33.3
            +---------+---------+-------+---------+---------+-------
        D:1 |      23 |       6 |  20.7 |      11 |       6 |  35.3
        D:2 |      21 |       3 |  12.5 |       5 |       2 |  28.6
            +---------+---------+-------+---------+---------+-------
